 Dungeon Crawl Stone Soup version 0.30-a0-364-gf6b3ef1049 (webtiles) character file.

Game seed: 2220239577349999399

5852 sleeves the Carver (level 10, -7/80 HPs)
             Began as a Demonspawn Monk on Nov 14, 2022.
             Was the Champion of Cheibriados.
             Mangled by a skeletal warrior
             ... wielding a +0 mace
              (16 damage)
             ... on level 10 of the Dungeon.
             The game lasted 00:09:53 (7954 turns).

sleeves the Carver (Demonspawn Monk)                Turns: 7954, Time: 00:09:53

Health: -7/80      AC: 13    Str: 26    XL:     10   Next: 52%
Magic:  13/13      EV: 21    Int: 28    God:    Cheibriados [******]
Gold:   563        SH:  0    Dex: 34    Spells: 9/9 levels left

rFire   . . .      SeeInvis .    e - +4 long sword
rCold   . . .      Faith    .    (no shield)
rNeg    . . .      Spirit   .    v - +0 steam dragon scales
rPois   +          Reflect  .    (no helmet)
rElec   .          Harm     .    (cloak unavailable)
rCorr   .          Rampage  .    m - +1 Delatra's gloves {ID++}
Will    .....                    (no boots)
Stlth   +++.......               (no amulet)
HPRegen 0.33/turn                C - ring of poison resistance
MPRegen 0.13/turn                O - ring of flight

@: about to teleport, sanguine armoured, flying, very slow
A: ignite blood 2, spiny 2, sanguine armour 1, weakness stinger 3
a: Renounce Religion, Bend Time, Temporal Distortion, Slouch, Step From Time


You were on level 10 of the Dungeon.
You worshipped Cheibriados.
Cheibriados was exalted by your worship.
You visited 1 branch of the dungeon, and saw 10 of its levels.
You also visited: Sewer and Ossuary.

You collected 563 gold pieces.

Inventory:

Hand Weapons
 e - a +4 long sword (weapon)
   (You took it off a wight on level 9 of the Dungeon)
Missiles
 J - a throwing net (quivered)
Armour
 m - the +1 Delatra's gloves (worn) {ID++}
   (You found it on level 2 of the Dungeon)

   It heals its wearer when they drink unknown potions.
   It restores its wearer's MP when they read unknown scrolls.
 q - a scarf of repulsion
   (You found it on level 2 of the Dungeon)
 v - +0 steam dragon scales (worn)
   (You found it on level 9 of the Dungeon)
 M - a +2 robe of resistance
   (You took it off a wight on level 9 of the Dungeon)
Jewellery
 C - a ring of poison resistance (left hand)
   (You found it in an ossuary)
 N - a ring of fire
   (You found it on level 7 of the Dungeon)
 O - a ring of flight (right hand)
   (You found it on level 9 of the Dungeon)
Wands
 n - a wand of flame (8)
   (You found it on level 2 of the Dungeon)
 K - a wand of acid (6)
   (You found it on level 7 of the Dungeon)
 L - a wand of paralysis (3)
   (You found it on level 7 of the Dungeon)
Scrolls
 f - a scroll of vulnerability
 k - a scroll of fog
 o - a scroll of enchant armour
 r - a scroll of amnesia
 u - 6 scrolls of teleportation
 w - 4 scrolls of blinking
 x - a scroll of enchant weapon
 y - a scroll of fear {unknown}
 E - a scroll of summoning
 F - 2 scrolls of silence {unknown}
 G - a scroll of immolation {unknown}
 H - 2 scrolls of poison {unknown}
 I - 3 scrolls of magic mapping {unknown}
Potions
 a - a potion of resistance {unknown}
 b - 2 potions of heal wounds
 c - 2 potions of ambrosia
 d - 5 potions of flight
 g - a potion of haste {unknown}
 h - 2 potions of might {unknown}
 i - 4 potions of brilliance
 j - 2 potions of magic {unknown}
 l - a potion of lignification {unknown}
 p - a potion of mutation {unknown}
 s - a potion of degeneration {unknown}
 t - a potion of invisibility {unknown}
 z - a potion of attraction {unknown}
 A - 4 potions of curing
 B - 4 potions of berserk rage
Miscellaneous
 D - a lightning rod (4/4)
   (You found it in a sewer)


   Skills:
 - Level 8.0 Fighting
 + Level 10.5 Long Blades
 + Level 7.8 Dodging
 - Level 1.7 Stealth
 + Level 4.8 Invocations


You had 9 spell levels left.
You didn't know any spells.
Your spell library contained the following spells:

 Spells                   Type           Power      Damage    Failure   Level
 Necrotise                Necr           0%         1d4       11%         1
 Ozocubu's Armour         Ice            0%         N/A       32%         3
 Summon Guardian Golem    Hex/Summ       0%         N/A       32%         3
 Vampiric Draining        Necr           0%         2d6       32%         3
 Agony                    Necr           0%         N/A       97%         5
 Metabolic Englaciation   Hex/Ice        0%         N/A       97%         5
 Simulacrum               Ice/Necr       0%         N/A       100%        6
 Orb of Destruction       Conj           0%         9d5       100%        7
 Spellforged Servitor     Conj/Summ      0%         N/A       100%        7


Dungeon Overview and Level Annotations

Branches:
Dungeon (10/15)            Temple (0/1) D:4            Lair (0/5) D:9
  Sewer (visited)         Ossuary (visited)
    Orc: D:9-12

Altars:
Ashenzari
Cheibriados
Dithmenos
Fedhas
Wu Jian
Xom

Shops:
D:4 :


Innate Abilities, Weirdness & Mutations

Your demonic aura often causes spilled blood to erupt in flames.
You are mostly covered in sharp spines.
When seriously injured, your blood forms armour. (AC +6)
You have a sharp stinger which inflicts weakening toxins.


Message History

The orc shouts!
You hit something but do no damage.
You hear a shout!
You hear some strange, mumbled words.
A puff of flame appears from out of thin air!
The puff of flame misses you.
You hit something. Something hits you but does no damage.
You hit something. You tail-slap something. Something barely misses you.
You closely miss something. Something hits you but does no damage.
You hit something.
Cheibriados thoroughly appreciates the change of pace.
Reactivating autopickup.
You feel a bit more experienced.
The electric eel shoots out a bolt of lightning at you!
The bolt of electricity hits the orc!
The orc dies!
The bolt of electricity hits you!
The electric eel shoots out a bolt of lightning at you!
The bolt of electricity hits you!
Your blood congeals into armour.
Things that are here:
a +0 dagger; a +0 robe You are too injured to fight recklessly!
You are too injured to fight recklessly!
You are too injured to fight recklessly!
You are too injured to fight recklessly!
You are too injured to fight recklessly!
You are too injured to fight recklessly!
You are too injured to fight recklessly!
You are too injured to fight recklessly!
You are too injured to fight recklessly!
You are too injured to fight recklessly!
You are too injured to fight recklessly!
You are too injured to fight recklessly!
You are too injured to fight recklessly!
You are too injured to fight recklessly!
You are too injured to fight recklessly!
You are too injured to fight recklessly!
You are too injured to fight recklessly!
You are too injured to fight recklessly!
Aiming: Throw Flame
Press: ? - help, Shift-Dir - straight line, f - electric eel
Aim: an electric eel (water, 48% to hit)
The puff of flame hits the electric eel.
The electric eel is moderately wounded.
The electric eel is engulfed in a cloud of scalding steam.
The electric eel shoots out a bolt of lightning at you!
The bolt of electricity hits you!
* * * LOW HITPOINT WARNING * * *
Aiming: Throw Flame
Press: ? - help, Shift-Dir - straight line, f/p - electric eel
Aim: an electric eel (steam, water, heavily wounded, 48% to hit)
The puff of flame misses the electric eel.
You hear a shout!
The electric eel is engulfed in a cloud of scalding steam.
You kill the electric eel!
Cheibriados appreciates the change of pace.
An orc wizard comes into view. It is wielding a +0 dagger.
An orc wizard is nearby!
An orc wizard is nearby!
The orc wizard shouts!
An orc comes into view. It is wielding a +0 dagger.
An orc wizard comes into view. It is wielding a +0 spear.
The orc wizard casts a spell at you. The puff of flame hits you.
The orc wizard casts a spell at you.
You are confused.
You start resting.
You feel less confused.
You are too injured to fight recklessly!
You are too injured to fight recklessly!
You are too injured to fight recklessly!
You are too injured to fight recklessly!
You are too injured to fight recklessly!
You are too injured to fight recklessly!
You are too injured to fight recklessly!
You are too injured to fight recklessly!
You are too injured to fight recklessly!
You are too injured to fight recklessly!
You are too injured to fight recklessly!
You are too injured to fight recklessly!
You are too injured to fight recklessly!
You are too injured to fight recklessly!
You are too injured to fight recklessly!
You are too injured to fight recklessly!
You are too injured to fight recklessly!
You are too injured to fight recklessly!
You slash the orc wizard!
You kill the orc wizard!
Cheibriados appreciates the change of pace.
An orc comes into view. It is wielding a +0 hand axe.
An orc comes into view. It is wielding a +0 short sword.
Things that are here:
a +0 dagger; a +0 robe The orc wizard shouts!
The orc shouts! x2
You slice the orc!!
You kill the orc!
Cheibriados appreciates the change of pace.
You hear a shout! x2
The orc wizard misses you.
An orc comes into view. It is wielding a +0 hand axe.
Things that are here:
a +0 hand axe; an orc corpse An orc wizard comes into view.
It is wielding a +0 dagger.
The orc wizard is struck by your spines.
The orc wizard closely misses you.
An orc comes into view. It is wielding a +0 hand axe.
The orc wizard is struck by your spines.
The orc wizard closely misses you.
The orc wizard moves out of view.
An orc comes into view. It is wielding a +0 dagger.
You barely miss the orc wizard.
The orc shouts!
You tail-slap the orc wizard.
The orc wizard looks weaker.
The orc wizard is heavily wounded.
The orc wizard is struck by your spines.
The orc wizard barely misses you.
The orc moves out of view.
You barely miss the orc wizard.
The orc wizard is severely wounded.
The orc wizard casts a spell at you.
You are confused.
You bump into the rock wall.
The orc wizard shouts!
The orc wizard hits you but does no damage.
The orc wizard mumbles some strange words.
The orc wizard flickers and vanishes!
Deactivating autopickup; reactivate with Ctrl-A.
You miss the orc wizard.
The orc wizard is severely wounded.
You barely miss the orc wizard. You tail-slap the orc wizard.
The orc wizard is almost dead.
The orc wizard is struck by your spines.
You kill the orc wizard!
Cheibriados appreciates the change of pace.
You bump into the rock wall.
The orc barely misses you.
You slash the orc!
You kill the orc!
Cheibriados thoroughly appreciates the change of pace.
You bump into the rock wall.
You feel less confused. The orc is struck by your spines.
The orc closely misses you.
You slash the orc!
You kill the orc!
Cheibriados thoroughly appreciates the change of pace.
You slash the orc!
You kill the orc!
Cheibriados thoroughly appreciates the change of pace.
You closely miss something. You tail-slap something.
Something hits you but does no damage.
You slash something!
Cheibriados thoroughly appreciates the change of pace.
Reactivating autopickup.
You feel a bit more experienced. The orc completely misses you.
The orc barely misses you.
Items here: )))))) [[[[[ ††.
You hit the orc but do no damage. The orc is struck by your spines.
The orc closely misses you.
You slash the orc!
You kill the orc!
Cheibriados thoroughly appreciates the change of pace.
You hit the orc.
The orc is moderately wounded.
The orc is struck by your spines.
You kill the orc!
Cheibriados thoroughly appreciates the change of pace.
You now have 512 gold pieces (gained 19).
Items here: ))) ††.
Your blood armour dries and flakes away.
You now have 522 gold pieces (gained 10).
Items here: )) [[ †.
HP restored.
Found a dagger.
You pick up a book of Dangerous Friends and begin reading...
You add the spells Summon Guardian Golem, Orb of Destruction and Spellforged Servitor to your library.
You now have 535 gold pieces (gained 13).
You now have 541 gold pieces (gained 6).
A necrophage comes into view.
You slash the necrophage! You tail-slap the necrophage.
The necrophage is heavily damaged.
The necrophage misses you.
You slice the necrophage!!
You destroy the necrophage!
Cheibriados appreciates the change of pace.
No target in view!
No target in view!
Found an ornate altar of the Wu Jian Council.
h - 2 ruby potions (gained 1)
You see here a +3 dagger of speed.
Found a plate armour.
Found a stone staircase leading down.
You now have 550 gold pieces (gained 9).
There is a stone staircase leading down here.
Found a stone staircase leading up.
There is a stone staircase leading up here.
There is a stone staircase leading up here.
An orc priest comes into view. It is wielding a +0 hand axe.
An orc priest is nearby!
An orc priest is nearby!
The orc priest shouts!
You hear a shout!
You hear a howl!
You hear a shout! x4
A howler monkey comes into view.
An orc comes into view. It is wielding a +0 short sword.
A howler monkey comes into view.
The orc priest calls down the wrath of Beogh upon you.
Pain shoots through your body!
An orc comes into view. It is wielding a +0 hand axe.
The howler monkey moves out of view.
The orc moves out of view.
The orc shouts!
You hear a howl!
An orc wizard comes into view. It is wielding a +0 dagger.
The howler monkey hoots and howls with incredible vigour!
The orc priest is struck by your spines.
The orc priest closely misses you.
An orc wizard comes into view. It is wielding a +0 dagger.
You closely miss the orc priest. You tail-slap the orc priest.
The orc priest looks weaker.
The orc priest is moderately wounded.
The orc priest closely misses you.
You slice the orc priest!!
You kill the orc priest!
Cheibriados appreciates the change of pace.
A howler monkey, an orc warrior and 2 orcs come into view.
The orc wizard is struck by your spines.
The orc wizard closely misses you.
The howler monkey hoots and howls with incredible vigour!
The orc wizard misses you.
You see here a +0 hand axe.
You hit the orc wizard but do no damage.
The orc wizard is moderately wounded.
The howler monkey hits you.
The orc wizard is struck by your spines.
The orc wizard hits you but does no damage.
You slash the orc wizard!
You kill the orc wizard!
Cheibriados appreciates the change of pace.
The howler monkey completely misses you.
The howler monkey hoots and howls with incredible vigour!
You slice the howler monkey!!
You kill the howler monkey!
Cheibriados thoroughly appreciates the change of pace.
The howler monkey is engulfed in blazing flames.
You slash the howler monkey!
You kill the howler monkey!
Cheibriados thoroughly appreciates the change of pace.
Found a stone staircase leading down.
The orc wizard casts a spell at you. The magic dart hits you.
The orc wizard is struck by your spines.
The orc wizard misses you.
You see here a howler monkey corpse.
You slash the orc wizard!
Your tail-slap misses the orc wizard.
The orc wizard is severely wounded.
You completely miss the orc warrior. You tail-slap the orc warrior!
The orc warrior looks weaker.
The orc warrior is moderately wounded.
You hit the orc warrior but do no damage.
The orc warrior is moderately wounded.
The howler monkey hoots and howls with incredible vigour!
The orc warrior is struck by your spines.
The orc warrior closely misses you. The orc wizard casts a spell at you.
The puff of flame misses you.
You hit the orc warrior but do no damage.
The orc warrior is severely wounded.
The orc warrior hits you with a +0 dire flail.
You hit the orc warrior.
The orc warrior is severely wounded.
The orc warrior is engulfed in blazing flames.
The orc warrior hits you but does no damage.
You slash the orc warrior!
You kill the orc warrior!
Cheibriados appreciates the change of pace.
You hit the orc.
The orc is lightly wounded.
You hit the orc wizard.
You kill the orc wizard!
Cheibriados thoroughly appreciates the change of pace.
You slice the orc!!
You kill the orc!
Cheibriados thoroughly appreciates the change of pace.
The howler monkey closely misses you. The orc is struck by your spines.
The orc completely misses you. The orc is struck by your spines.
You kill the orc!
Cheibriados appreciates the change of pace.
The howler monkey is struck by your spines.
The howler monkey misses you. The orc misses you.
Items here: )) [ †.
You hit the howler monkey.
The howler monkey is heavily wounded.
The howler monkey hits you. The orc is struck by your spines.
The orc hits you with a +0 short sword.
You slice the orc!!
You kill the orc!
Cheibriados thoroughly appreciates the change of pace.
The howler monkey barely misses you. The orc barely misses you.
You barely miss the howler monkey.
The howler monkey is heavily wounded.
The howler monkey hoots and howls with incredible vigour!
The orc closely misses you.
You hit the howler monkey.
The howler monkey is severely wounded.
The howler monkey closely misses you. The orc hits you with a +0 short sword.
The howler monkey barely misses you.
You completely miss the howler monkey.
The howler monkey is severely wounded.
The howler monkey is struck by your spines.
The howler monkey hits you. The orc is struck by your spines.
You kill the orc!
Cheibriados appreciates the change of pace.
You hit the howler monkey but do no damage.
The howler monkey is almost dead.
The howler monkey is struck by your spines.
You kill the howler monkey!
Cheibriados appreciates the change of pace.
No target in view!
No target in view!
No target in view!
No target in view!
No target in view!
No target in view!
No target in view!
No target in view!
No target in view!
No target in view!
No target in view!
No target in view!
Things that are here:
a +0 short sword; a +0 leather armour; an orc corpse
Items here: )) [ ††.
Things that are here:
a +0 dagger; a +0 robe Key pressed, stopping explore.
Items here: )) [[.
Things that are here:
a +0 dagger; a +0 hand axe; a +0 hand axe
Items here: )))))) [[[[[.
You see here a +0 hand axe.
Key pressed, stopping explore.
Done exploring.
Done exploring.
Done exploring.
Search for what [Enter for "armor", or ? for help]? blade Search for what [Enter for "blade", or ? for help]? armor Done exploring.
Done exploring.
Done exploring.
(D) Dungeon (T) Temple
Where to? (Enter - D:8, ? - help)
There is a stone staircase leading down here.
You climb downwards.
Found a robe.
Found a stone staircase leading up.
There is a stone staircase leading up here.
Found a long sword.
e - a scroll of identify An acid dragon comes into view.
An acid dragon is nearby!
The acid dragon roars!
The acid dragon spits acid at you. The splash of acid hits you!!
Your blood congeals into armour.
You are too injured to fight recklessly!
You are too injured to fight recklessly!
You are too injured to fight recklessly!
You barely miss the acid dragon.
You are too injured to fight recklessly!
You are too injured to fight recklessly!
You are too injured to fight recklessly!
You barely miss the acid dragon.
You tail-slap the acid dragon, but do no damage.
The acid dragon spits acid at you. The splash of acid hits you!
* * * LOW HITPOINT WARNING * * *
You slash the acid dragon!
The acid dragon is heavily wounded.
The acid dragon is engulfed in blazing flames.
The acid dragon spits acid at you. The splash of acid hits you!!
* * * LOW HITPOINT WARNING * * *
You barely miss the acid dragon.
The acid dragon is almost dead.
The acid dragon is engulfed in blazing flames.
You kill the acid dragon!
Cheibriados thoroughly appreciates the change of pace.
You start resting.
Your blood armour dries and flakes away.
As you read the scroll of identify, it crumbles to dust.
E - a scroll of summoning HP restored. 2 wights come into view.
A wight is wielding a +4 flail of freezing.
A wight is wielding a +4 long sword and wearing a +2 robe of resistance.
There are monsters nearby!
There are monsters nearby!
There are monsters nearby!
You hit the wight.
The wight is lightly damaged.
The wight hits you with a +4 long sword!
You feel drained.
You hit the wight.
The wight is lightly damaged.
The wight is struck by your spines. The wight barely misses you.
You barely miss the wight. You punch the wight.
The wight is almost destroyed.
You closely miss the wight. You tail-slap the wight.
The wight is moderately damaged.
You closely miss the wight.
The wight is moderately damaged.
The wight is struck by your spines.
The wight hits you with a +4 flail of freezing!
You feel drained. The wight freezes you.
You slice the wight!!
You destroy the wight!
Cheibriados thoroughly appreciates the change of pace.
Your Long Blades skill increases to level 10!
You slash the wight!
You destroy the wight!
Cheibriados appreciates the change of pace.
Your Dodging skill increases to level 7!
Your Invocations skill increases to level 1!
You have reached level 10!
Items here: )) [[.
e - a +4 long sword
e - a +4 long sword (weapon)
You drop a +0 long sword.
M - a +2 robe of resistance You start removing your armour.
You continue taking off your +0 ring mail. x4
You finish taking off your +0 ring mail.
You start putting on your armour.
You continue putting on your +2 robe of resistance. x5
You finish putting on your +2 robe of resistance.
You feel resistant to extremes of temperature.
You drop a +0 ring mail.
A wight comes into view. It is wielding a +2 spear of freezing.
A wight is nearby!
A wight is nearby!
A wight is nearby!
A wight comes into view.
It is wielding a +0 battleaxe and wearing a +0 robe of cold resistance.
The wight completely misses you.
The wight hits you from afar with a +2 spear of freezing.
The wight freezes you. The wight barely misses you.
The wight hits you from afar with a +2 spear of freezing.
The wight freezes you.
You slash the wight!
The wight is severely damaged.
The wight is struck by your spines.
You destroy the wight!
Cheibriados appreciates the change of pace.
The wight barely misses you.
An orc priest comes into view. It is wielding a +0 flail.
The wight is struck by your spines. The wight completely misses you. x2
Things that are here:
a +0 battleaxe; a +0 robe of cold resistance You closely miss the wight.
The wight is lightly damaged.
The wight is struck by your spines. The wight hits you but does no damage.
You slash the wight!
You destroy the wight!
Cheibriados thoroughly appreciates the change of pace.
Your life force feels restored.
An orc wizard comes into view.
It is wielding a +0 dagger and wearing a +0 robe of positive energy.
The orc wizard shouts!
The orc priest shouts!
You hear a roar!
You hear a shout!
A warg comes into view. x2
The orc priest mumbles some strange prayers to Beogh against you.
Beogh smites you!
An acid dragon comes into view.
The orc wizard mumbles some strange words.
The orc wizard flickers and vanishes!
Deactivating autopickup; reactivate with Ctrl-A.
The warg moves out of view.
The acid dragon moves out of view.
The warg howls!
You hear a shout!
Things that are here:
a +2 spear of freezing; a +0 robe An orc comes into view.
It is wielding a +0 hand axe.
You hear a shout! x3
A warg comes into view.
A puff of flame appears from out of thin air!
The puff of flame misses you.
An orc wizard comes into view. It is wielding a +0 dagger. x3
An orc comes into view. It is wielding a +0 mace.
Found a staircase to the Lair.
The orc shouts!
The orc priest hits you with a +0 flail.
Your blood congeals into armour.
The warg is struck by your spines. The warg barely misses you.
An orc comes into view. It is wielding a +0 falchion.
You closely miss the warg.
The orc wizard shouts!
The warg howls!
Your tail-slap misses the warg.
The warg is moderately wounded.
The warg misses you. The warg is struck by your spines. The warg misses you.
The orc priest is struck by your spines.
The orc priest barely misses you.
You slash the warg!
You kill the warg!
Cheibriados appreciates the change of pace.
Your blood armour dries and flakes away.
You slash the orc priest!
You kill the orc priest!
Cheibriados appreciates the change of pace.
Something hits you.
Your blood congeals into armour.
The acid dragon barely misses you. The acid dragon misses you.
An orc comes into view. It is wielding a +0 short sword.
The orc wizard gestures wildly while chanting.
The orc wizard flickers and vanishes!
The orc wizard casts a spell.
The orc wizard flickers and vanishes!
You are too injured to fight recklessly!
You are too injured to fight recklessly!
You are too injured to fight recklessly!
You are too injured to fight recklessly!
You are too injured to fight recklessly!
You are too injured to fight recklessly!
You are too injured to fight recklessly!
You slash the acid dragon!
The acid dragon is heavily wounded.
Something closely misses you.
The acid dragon is engulfed in blazing flames.
You kill the acid dragon!
Cheibriados thoroughly appreciates the change of pace.
Your Invocations skill increases to level 2!
The warg is engulfed in blazing flames. x2; The warg is struck by your spines.
You kill the warg!
Cheibriados thoroughly appreciates the change of pace.
You hear some strange, mumbled words.
A puff of flame appears from out of thin air!
The puff of flame hits you but does no damage.
The warg is engulfed in blazing flames.
The warg is engulfed in blazing flames.
Something hits you.
The warg is engulfed in blazing flames.
You hear some strange, mumbled words.
A puff of flame appears from out of thin air!
The puff of flame misses you.
Things that are here:
a +2 spear of freezing; a +0 robe Something hits you but does no damage.
The warg attacks as you move away! The warg bites you but does no damage.
The warg bites you! The warg closely misses you.
Things that are here:
a +0 battleaxe; a +0 robe of cold resistance You hit the warg.
The warg is severely wounded.
The warg closely misses you.
You slash the warg!
You tail-slap the warg, but do no damage.
The warg is almost dead.
The warg is struck by your spines.
You kill the warg!
Cheibriados appreciates the change of pace.
You slice the orc wizard!!
You kill the orc wizard!
Cheibriados thoroughly appreciates the change of pace.
You hear some strange, mumbled words.
A puff of flame appears from out of thin air!
The puff of flame hits you. You resist.
* * * LOW HITPOINT WARNING * * *
You swing at nothing.
You hear some strange, mumbled words.
Something tries to affect you, but you resist.
You swing at nothing.
A magic dart appears from out of thin air!
The magic dart hits you but does no damage.
A magic dart appears from out of thin air!
The magic dart hits something.
A puff of flame appears from out of thin air!
The puff of flame misses you.
A puff of flame appears from out of thin air!
The puff of flame hits something!
Reactivating autopickup.
You feel a bit more experienced.
Items here: )) [[.
A puff of flame appears from out of thin air!
The puff of flame hits something.
A magic dart appears from out of thin air!
The magic dart hits something!
Things that are here:
a +0 dagger; a +0 robe of positive energy Something hits you but does no damage.
Deactivating autopickup; reactivate with Ctrl-A.
You slash something!
Cheibriados appreciates the change of pace.
Reactivating autopickup.
You feel a bit more experienced.
You hit the orc.
The orc is lightly wounded.
The orc completely misses you.
You closely miss the orc.
The orc is lightly wounded.
You hit the orc.
The orc is almost dead.
The orc is struck by your spines.
You kill the orc!
Cheibriados thoroughly appreciates the change of pace.
You barely miss the orc. The orc is struck by your spines.
You kill the orc!
Cheibriados appreciates the change of pace.
The orc is struck by your spines. The orc completely misses you.
The orc closely misses you.
Items here: ))))) [[[[ †.
You slash the orc!
You kill the orc!
Cheibriados thoroughly appreciates the change of pace.
You slash the orc!
You kill the orc!
Cheibriados thoroughly appreciates the change of pace.
Items here: )))) [[ ††††.
Your blood armour dries and flakes away.
Key pressed, stopping explore.
Found a stone staircase leading up.
Things that are here:
a +0 flail; a +0 ring mail; a warg corpse You see here a +0 robe of positive energy.
d - 5 potions of flight (gained 1)
An orc warrior comes into view. It is wielding a +0 battleaxe.
A steam dragon, an orc and an orc priest come into view.
The orc shouts!
The orc priest shouts!
You hit the orc warrior.
The orc warrior is lightly wounded.
The orc warrior closely misses you.
You slash the orc warrior!
The orc warrior is heavily wounded.
The orc warrior completely misses you.
You hit the orc warrior. You tail-slap the orc warrior.
The orc warrior looks weaker.
The orc warrior is severely wounded.
The orc warrior completely misses you.
The orc priest mumbles some strange prayers to Beogh against you.
Beogh smites you!
You closely miss the orc warrior.
The orc warrior is severely wounded.
The orc warrior misses you.
You hit the orc warrior.
The orc warrior is almost dead.
The orc warrior hits you but does no damage.
You hit the orc warrior. You tail-slap the orc warrior.
You kill the orc warrior!
Cheibriados thoroughly appreciates the change of pace.
Training target 8.0 for Fighting reached!
Your Fighting skill increases to level 8!
The orc completely misses you.
The orc priest hits you with a +0 hand axe.
The orc is struck by your spines.
You kill the orc!
Cheibriados appreciates the change of pace.
The orc priest mumbles some strange prayers to Beogh against you.
You struggle to resist.
Things that are here:
a +0 battleaxe; a +0 chain mail; an orc corpse You closely miss the steam dragon.
The steam dragon closely misses you. The steam dragon claws you.
The orc priest is struck by your spines.
The orc priest closely misses you.
You slash the orc priest!
You kill the orc priest!
Cheibriados thoroughly appreciates the change of pace.
The steam dragon is struck by your spines.
The steam dragon completely misses you. x2
You slice the steam dragon!!
You kill the steam dragon!
Cheibriados appreciates the change of pace.
The steam dragon scales are intact enough to wear.
Your Invocations skill increases to level 3!
No target in view!
No target in view!
Items here: ) [[ ††. v - +0 steam dragon scales You start removing your armour.
You continue taking off your +2 robe of resistance. x4
You finish taking off your +2 robe of resistance.
You feel hot and cold all over.
You start putting on your armour.
You continue putting on your +0 steam dragon scales. x5
You finish putting on your +0 steam dragon scales.
An orc comes into view. It is wielding a +2 vorpal hand axe.
An orc is nearby!
An orc is nearby!
An orc is nearby!
You slice the orc!!
You kill the orc!
Cheibriados thoroughly appreciates the change of pace.
No target in view!
No target in view!
No target in view!
No target in view!
No target in view!
Things that are here:
a +2 vorpal hand axe; an orc corpse You open the door.
There is an open door here.
You see here a +0 robe of positive energy.
An orc comes into view. It is wielding a +0 club.
An orc is nearby!
An orc comes into view. It is wielding a +0 dagger.
An orc warrior comes into view. It is wielding a +0 hand axe.
The orc shouts!
The orc warrior shouts!
You hear a shout! x2
The orc completely misses you. The orc hits you with a +0 club.
You hit the orc. You tail-slap the orc.
The orc looks weaker.
The orc is almost dead.
The orc misses you.
You slash the orc!
You kill the orc!
Cheibriados appreciates the change of pace.
The orc warrior unwields a +0 hand axe.
The orc warrior wields a +0 arbalest.
The orc warrior shoots a bolt.
The bolt hits you!
An orc wizard comes into view. It is wielding a +0 dagger.
The orc wizard casts a spell at you.
You easily resist.
The orc misses you.
The orc warrior unwields a +0 arbalest.
The orc warrior wields a +0 hand axe.
The orc warrior hits you with a +0 hand axe!
An orc priest comes into view. It is wielding a +0 club.
The orc is struck by your spines.
You kill the orc!
Cheibriados thoroughly appreciates the change of pace.
Things that are here:
a +0 club; a +0 leather armour; an orc corpse You hit the orc warrior but do no damage.
You tail-slap the orc warrior.
The orc warrior looks weaker.
The orc warrior is moderately wounded.
The orc warrior completely misses you.
You hit the orc warrior.
The orc warrior is moderately wounded.
The orc warrior hits you but does no damage.
The orc wizard barely misses you.
You slash the orc warrior!
The orc warrior is severely wounded.
The orc warrior hits you with a +0 hand axe.
The orc wizard casts a spell.
The orc wizard flickers and vanishes!
Deactivating autopickup; reactivate with Ctrl-A.
You barely miss the orc warrior.
You tail-slap the orc warrior, but do no damage.
The orc warrior is severely wounded.
The orc warrior barely misses you.
You slice the orc warrior!!
You kill the orc warrior!
Cheibriados thoroughly appreciates the change of pace.
Something hits you.
You slice something!!
Cheibriados appreciates the change of pace.
Reactivating autopickup.
You feel a bit more experienced.
The orc priest is struck by your spines.
The orc priest hits you but does no damage.
The orc priest is struck by your spines.
The orc priest misses you.
Things that are here:
a +0 dagger; a +0 robe; an orc corpse You slash the orc priest!
You kill the orc priest!
Cheibriados thoroughly appreciates the change of pace.
No target in view!
No target in view!
No target in view!
No target in view!
No target in view!
Things that are here:
a +0 club; an orc corpse
Found a stone staircase leading down.
Search for what [Enter for "armor", or ? for help]?
Search for what [Enter for "armor", or ? for help]? blade Unknown command.
Unknown command.
Unknown command.
u - 7 scrolls of teleportation (gained 1)
I - 3 scrolls labelled IXOTSI VOMYT (gained 1)
You now have 563 gold pieces (gained 13).
Found a stone staircase leading down.
You open the door.
There is an open door here.
Found a chain mail.
Found a stone staircase leading down.
O - a ring of flight
Found a spear.
You see here a +0 spear.
Done exploring.
Done exploring.
Done exploring.
Done exploring.
(D) Dungeon (T) Temple (L) Lair
Where to? (Enter - D:9, ? - help)
There is a stone staircase leading down here.
You climb downwards.
Found a blossoming altar of Fedhas.
There is a stone staircase leading up here.
There are monsters nearby!
You fly up into the air.
O - a ring of flight (right hand)
The killer bee buzzes angrily.
You hear an angry buzzing noise.
A killer bee comes into view. x2
The killer bee is struck by your spines.
The killer bee completely misses you.
A killer bee comes into view.
The killer bee buzzes angrily. x3
You slash the killer bee!
You kill the killer bee!
Cheibriados thoroughly appreciates the change of pace.
The killer bee attacks as you move away!
The killer bee completely misses you. x2; The killer bee stings you!
The killer bee is struck by your spines.
The killer bee barely misses you.
You slash the killer bee!
You kill the killer bee!
Cheibriados thoroughly appreciates the change of pace.
The killer bee is struck by your spines.
The killer bee stings you but does no damage.
You slash the killer bee!
The killer bee is severely wounded.
The killer bee completely misses you.
The killer bee is struck by your spines.
You kill the killer bee!
Cheibriados thoroughly appreciates the change of pace.
You slash the killer bee!
The killer bee is almost dead.
The killer bee is struck by your spines.
You kill the killer bee!
Cheibriados thoroughly appreciates the change of pace.
You slash the killer bee! You tail-slap the killer bee.
The killer bee looks weaker.
The killer bee is almost dead.
The killer bee is struck by your spines.
You kill the killer bee!
Cheibriados thoroughly appreciates the change of pace.
No target in view!
No target in view!
No target in view!
No target in view!
No target in view!
No target in view!
No target in view!
No target in view!
No target in view!
No target in view!
No target in view!
No target in view!
No target in view!
No target in view!
No target in view!
No target in view!
No target in view!
No target in view!
HP restored.
There is a stone staircase leading up here.
Items here: ††††.
A shadow comes into view.
The shadow is struck by your spines. The shadow hits you.
You slash the shadow!
The shadow is almost destroyed.
You slash the shadow!
You destroy the shadow!
Cheibriados appreciates the change of pace.
Your Invocations skill increases to level 4!
No target in view!
No target in view!
No target in view!
No target in view!
Magic restored.
A skeletal warrior comes into view. It is wielding a +0 long sword.
A skeletal warrior comes into view. It is wielding a +0 mace.
The skeletal warrior moves out of view.
A skeletal warrior is nearby!
A skeletal warrior is nearby!
Found 13 gold pieces.
A skeletal warrior comes into view. It is wielding a +0 mace.
You barely miss the skeletal warrior.
Your tail-slap misses the skeletal warrior.
The skeletal warrior hits you with a +0 mace.
You slice the skeletal warrior!!
You tail-slap the skeletal warrior, but do no damage.
The skeletal warrior is moderately damaged.
The skeletal warrior barely misses you.
You hit the skeletal warrior.
The skeletal warrior is moderately damaged.
The skeletal warrior hits you with a +0 mace!!
You hit the skeletal warrior.
The skeletal warrior is heavily damaged.
The skeletal warrior hits you with a +0 mace!!
* * * LOW HITPOINT WARNING * * *
Your blood congeals into armour.
You are too injured to fight recklessly!
You are too injured to fight recklessly!
You are too injured to fight recklessly!
You are too injured to fight recklessly!
You are too injured to fight recklessly!
You are too injured to fight recklessly!
You are too injured to fight recklessly!
You are too injured to fight recklessly!
You are too injured to fight recklessly!
You are too injured to fight recklessly!
You are too injured to fight recklessly!
You are too injured to fight recklessly!
You are too injured to fight recklessly!
You are too injured to fight recklessly!
You closely miss the skeletal warrior.
The skeletal warrior is heavily damaged.
The skeletal warrior hits you with a +0 mace.
* * * LOW HITPOINT WARNING * * *
You slash the skeletal warrior!
You punch the skeletal warrior, but do no damage.
The skeletal warrior is severely damaged.
The skeletal warrior completely misses you.
You slash the skeletal warrior!
The skeletal warrior is severely damaged.
The skeletal warrior hits you with a +0 mace!
* * * LOW HITPOINT WARNING * * *
You hit the skeletal warrior but do no damage.
You tail-slap the skeletal warrior, but do no damage.
The skeletal warrior is severely damaged.
You slash the skeletal warrior!
The skeletal warrior is almost destroyed.
The skeletal warrior completely misses you.
You hit the skeletal warrior.
The skeletal warrior is almost destroyed.
The skeletal warrior closely misses you.
You hit the skeletal warrior.
The skeletal warrior is almost destroyed.
The skeletal warrior completely misses you.
You hit the skeletal warrior.
The skeletal warrior is almost destroyed.
The skeletal warrior hits you with a +0 mace!
* * * LOW HITPOINT WARNING * * *
You slash the skeletal warrior!
You destroy the skeletal warrior!
Cheibriados appreciates the change of pace.
You start resting.
There is a stone staircase leading up here.
Items here: ††††.
You start resting.
Your blood armour dries and flakes away.
You start resting.
HP restored.
Found a stone staircase leading up.
There is a stone staircase leading up here.
A skeletal warrior comes into view. It is wielding a +0 halberd.
The skeletal warrior moves out of view.
You catch the helpless skeletal warrior completely off-guard!
You hit the skeletal warrior.
You punch the skeletal warrior, but do no damage.
The skeletal warrior is lightly damaged.
The skeletal warrior completely misses you.
You hit the skeletal warrior.
The skeletal warrior is lightly damaged.
The skeletal warrior hits you with a +0 mace!!
You hit the skeletal warrior but do no damage.
Your tail-slap misses the skeletal warrior.
The skeletal warrior is lightly damaged.
You closely miss the skeletal warrior.
The skeletal warrior is lightly damaged.
The skeletal warrior closely misses you.
You hit the skeletal warrior but do no damage.
The skeletal warrior is lightly damaged.
The skeletal warrior hits you with a +0 mace!
Your blood congeals into armour.
You are too injured to fight recklessly!
You are too injured to fight recklessly!
You are too injured to fight recklessly!
You are too injured to fight recklessly!
You are too injured to fight recklessly!
You are too injured to fight recklessly!
You are too injured to fight recklessly!
You are too injured to fight recklessly!
You are too injured to fight recklessly!
You are too injured to fight recklessly!
You are too injured to fight recklessly!
You are too injured to fight recklessly!
You are too injured to fight recklessly!
You are too injured to fight recklessly!
You are too injured to fight recklessly!
You are too injured to fight recklessly!
A skeletal warrior comes into view. It is wielding a +0 dire flail.
The skeletal warrior is engulfed in blazing flames.
The skeletal warrior hits you with a +0 mace!
* * * LOW HITPOINT WARNING * * *
You hit the skeletal warrior.
The skeletal warrior is moderately damaged.
The skeletal warrior is engulfed in blazing flames.
The skeletal warrior is struck by your spines.
The skeletal warrior hits you with a +0 mace.
* * * LOW HITPOINT WARNING * * *
You feel much better.
The skeletal warrior is engulfed in blazing flames.
The skeletal warrior hits you but does no damage.
Okay, then.
Okay, then.
Okay, then.
Okay, then.
As you read the scroll of teleportation, it crumbles to dust.
You feel strangely unstable.
The skeletal warrior hits you with a +0 mace!
* * * LOW HITPOINT WARNING * * *
You hit the skeletal warrior.
You tail-slap the skeletal warrior, but do no damage.
The skeletal warrior is heavily damaged.
The skeletal warrior is engulfed in blazing flames.
The skeletal warrior is struck by your spines.
The skeletal warrior hits you with a +0 mace!
* * * LOW HITPOINT WARNING * * *
You slash the skeletal warrior!
The skeletal warrior is almost destroyed.
The skeletal warrior completely misses you.
The skeletal warrior hits you with a +0 mace!
* * * LOW HITPOINT WARNING * * *
You hit the skeletal warrior but do no damage.
The skeletal warrior is almost destroyed.
The skeletal warrior hits you from afar with a +0 halberd!
* * * LOW HITPOINT WARNING * * *
The skeletal warrior hits you with a +0 mace!
You die...

### ######### ...
######.......# #.#####
#......<####.# .....#
#.####..####.#
#.#.###.##......##.#
#.z........#..#.##.#
......#.###.####.......#
#...#.#@# #.......#.....
##. #.#z# #########.###.
......zz# ##.#.##.
##.##.######## #.###.#.
#.##.....# ##.#..#.
#.##.....# ###.#.#.
#...)....# #.......
####.....# #.######
#.....# #.#


You could see 4 skeletal warriors.

Vanquished Creatures
  A skeletal warrior (D:10)
  Pikel (D:6)
  Grinder (D:4)
  Sigmund (D:5)
  A shadow (D:10)
  A steam dragon (D:9)
  3 wargs (D:9)
  2 acid dragons (D:9)
  A water moccasin (D:7)
  4 orc warriors
  3 ice beasts
  A sky beast (D:5)
  2 ogres (D:7)
  2 centaurs (D:7)
  A phantom (D:4)
  2 necrophages
  5 bullfrogs
  4 scorpions
  4 wights (D:9)
  5 killer bees (D:10)
  3 howler monkeys (D:8)
  4 electric eels
  3 hounds (D:6)
  2 jellies (D:4)
  8 orc priests
  3 iguanas (D:5)
  9 orc wizards
  2 mummies (Ossuary)
  8 gnolls
  8 adders
  A shadow imp (D:7)
  A white imp (D:7)
  An ufetubus (D:5)
  7 adder zombies (Ossuary)
  2 worms
  3 dart slugs
  25 orcs
  9 ball pythons
  5 bats
  8 endoplasms
  13 giant cockroaches
  2 gnoll zombies (Ossuary)
  2 goblins
  3 hobgoblins
  3 jackals (D:1)
  15 quokkas
  11 frilled lizards
  6 hobgoblin zombies (Ossuary)
  7 kobolds
  4 kobold zombies (Ossuary)
  5 orc zombies (Ossuary)
  5 rats
233 creatures vanquished.

Vanquished Creatures (others)
  2 orc wizards (D:9)
  3 orcs (D:8)
  4 fungi
  3 toadstools (D:5)
12 creatures vanquished.

Grand Total: 245 creatures vanquished

Notes
Turn   | Place    | Note
-------+----------+-------------------------------------------
     0 | D:1      | sleeves the Demonspawn Monk began the quest for the Orb.
     0 | D:1      | Reached XP level 1. HP: 18/18 MP: 1/1
   191 | D:1      | Reached skill level 3 in Long Blades
   263 | D:1      | Gained mutation: You have a small tail. [demonic ancestry]
   263 | D:1      | Reached XP level 2. HP: 21/24 MP: 2/2
   577 | D:2      | Found the +1 Delatra's gloves {ID++}
   901 | D:2      | Found a faded altar of an unknown god.
   909 | D:2      | Got Plato's Verses on Dark Secrets
  1083 | D:2      | Prayed at the altar of an unknown god.
  1083 | D:2      | Became a worshipper of Cheibriados the Contemplative
  1083 | D:2      | Reached * piety under Cheibriados
  1083 | D:2      | Reached ** piety under Cheibriados
  1408 | D:3      | Reached skill level 4 in Long Blades
  1408 | D:3      | Gained mutation: When seriously injured, your blood forms
                  | armour. (AC +6) [demonic ancestry]
  1408 | D:3      | Reached XP level 3. HP: 27/29 MP: 3/3
  1656 | D:3      | Noticed a scorpion
  1666 | D:3      | Killed a scorpion
  1667 | D:3      | Gained mutation: You are partially covered in sharp spines.
                  | [demonic ancestry]
  1667 | D:3      | Reached XP level 4. HP: 27/35 MP: 4/4
  1679 | D:3      | HP: 17/35 [poisoned by a scorpion]
  1760 | D:3      | Reached *** piety under Cheibriados
  1773 | D:3      | Reached skill level 5 in Long Blades
  1775 | D:3      | Gained mutation: Your demonic aura sometimes causes spilled
                  | blood to erupt in flames. [demonic ancestry]
  1775 | D:3      | Reached XP level 5. HP: 36/41 MP: 5/5
  2034 | D:4      | Noticed Grinder
  2046 | D:4      | Paralysed by Grinder for 5 turns
  2047 | D:4      | HP: 20/41 [kobold/+0 club (3)]
  2049 | D:4      | Killed Grinder
  2050 | D:4      | Reached skill level 6 in Long Blades
  2050 | D:4      | Gained mutation: You are mostly covered in sharp spines.
                  | [demonic ancestry]
  2050 | D:4      | Reached XP level 6. HP: 17/47 MP: 6/6
  2059 | D:4      | Found a sand-covered staircase.
  2073 | Ossuary  | Entered an ossuary
  2206 | Ossuary  | Reached **** piety under Cheibriados
  2355 | D:4      | Found a staircase to the Ecumenical Temple.
  2366 | D:4      | Reached skill level 7 in Long Blades
  2383 | D:4      | Gained mutation: You have a tail ending in a sharp stinger.
                  | [demonic ancestry]
  2383 | D:4      | Reached XP level 7. HP: 32/52 MP: 7/7
  2403 | D:4      | HP: 25/52 [orc/+0 hand axe (6)]
  2407 | D:4      | Found Iwuysuch's Vocational Training.
  2463 | D:4      | Found a glowing drain.
  2471 | Sewer    | Entered a sewer
  2607 | Sewer    | Reached ***** piety under Cheibriados
  2731 | Sewer    | Reached skill level 3 in Dodging
  3287 | D:5      | Entered Level 5 of the Dungeon
  3505 | D:5      | Reached skill level 4 in Fighting
  3505 | D:5      | Reached skill level 8 in Long Blades
  3565 | D:5      | Gained mutation: Your demonic aura often causes spilled
                  | blood to erupt in flames. [demonic ancestry]
  3565 | D:5      | Reached XP level 8. HP: 48/60 MP: 8/8
  3687 | D:5      | Noticed Sigmund
  3694 | D:5      | Killed Sigmund
  3695 | D:5      | Reached skill level 4 in Dodging
  3800 | D:5      | HP: 26/61 [ice beast (13)]
  3804 | D:5      | Reached skill level 5 in Fighting
  4538 | D:6      | Found a shimmering altar of Xom.
  4600 | D:6      | Found a broken altar of Ashenzari.
  4685 | D:6      | Reached skill level 5 in Dodging
  4685 | D:6      | Noticed Pikel
  4695 | D:6      | Killed Pikel
  4696 | D:6      | Reached skill level 6 in Fighting
  4696 | D:6      | Reached skill level 9 in Long Blades
  4696 | D:6      | Gained mutation: You have a sharp stinger which inflicts
                  | weakening toxins. [demonic ancestry]
  4696 | D:6      | Reached XP level 9. HP: 62/69 MP: 9/9
  4935 | D:6      | Found a shadowy altar of Dithmenos.
  5049 | D:7      | Reached ****** piety under Cheibriados
  5136 | D:7      | HP: 34/71 [gnoll/+0 spear (3)]
  5362 | D:7      | Reached skill level 6 in Dodging
  5566 | D:7      | Reached skill level 7 in Fighting
  6138 | D:8      | HP: 36/72 [electric eel/bolt of electricity (8)]
  6298 | D:8      | Found an ornate altar of the Wu Jian Council.
  6751 | D:9      | HP: 36/72 [acid dragon/splash of acid (11)]
  6752 | D:9      | HP: 13/72 [acid dragon/splash of acid (24)]
  6968 | D:9      | Reached skill level 10 in Long Blades
  6969 | D:9      | Reached skill level 7 in Dodging
  6969 | D:9      | Reached skill level 1 in Invocations
  6969 | D:9      | Reached XP level 10. HP: 54/78 MP: 10/10
  7052 | D:9      | Found a staircase to the Lair.
  7057 | D:9      | Reached skill level 2 in Invocations
  7062 | D:9      | HP: 40/80 [something/puff of flame (2)]
  7233 | D:9      | Reached skill level 8 in Fighting
  7237 | D:9      | Reached skill level 3 in Invocations
  7640 | D:10     | Entered Level 10 of the Dungeon
  7640 | D:10     | Found a blossoming altar of Fedhas.
  7677 | D:10     | Reached skill level 4 in Invocations
  7695 | D:10     | Noticed a skeletal warrior
  7695 | D:10     | Noticed a skeletal warrior
  7697 | D:10     | Noticed a skeletal warrior
  7703 | D:10     | HP: 37/80 [skeletal warrior/+0 mace (19)]
  7708 | D:10     | HP: 29/80 [skeletal warrior/+0 mace (7)]
  7713 | D:10     | HP: 18/80 [skeletal warrior/+0 mace (13)]
  7714 | D:10     | Killed a skeletal warrior
  7941 | D:10     | Noticed a skeletal warrior
  7948 | D:10     | Noticed a skeletal warrior
  7948 | D:10     | HP: 28/80 [skeletal warrior/+0 mace (16)]
  7953 | D:10     | HP: 19/80 [skeletal warrior/+0 mace (9)]
  7954 | D:10     | HP: 9/80 [skeletal warrior/+0 halberd (10)]
  7954 | D:10     | Mangled by a skeletal warrior

Illustrated notes

Levels and vault maps discovered:
D:1:      dpeg_arrival_pond, layout_basic
D:2:      layout_basic, shapermc_ecumenical_altar_rom_forum
D:3:      layout_basic, minmay_misc_feat_room, minmay_distorted
D:4:      layout_basic, minmay_temple_entry_tees, cheibrodos_sewer_entry_bend,
          enter_ossuary_1, nicolae_shop_vocational, uniq_grinder
D:5:      layout_cave_pools, chequers_serial_rivers_room_b,
          minmay_gold_behind_fungi, hangedman_decor_lopped, uniq_sigmund
D:6:      layout_loops_corners, nicolae_overflow_squiral, old_standard_altar,
          nicolae_kite_square_tiling_tiny, uniq_pikel
D:7:      layout_basic, kennysheep_opposing_triangles
D:8:      layout_rooms, nicolae_wu_jian_wuxing_cycle, kennysheep_crisscross
D:9:      layout_basic, erik_lair_orcish_takeover
D:10:     layout_loops_cross, mainiacjoe_overflow_catwalk_spiral,
          kennysheep_generic_room_9

Skill      XL: |  1  2  3  4  5  6  7  8  9 10 |
---------------+-------------------------------+-----
Long Blades    | 3 4 5 6 7 8 9 10 | 10.5
Dodging        | 3 5 7 |  7.8
Fighting       | 4 6 7 8 |  8.0
Invocations    | 1 4 |  4.8
Stealth        | |  1.7

Action                   |  1- 3 |  4- 6 |  7- 9 | 10-12 || total
-------------------------+-------+-------+-------+-------++-------
Melee: Falchion          |    83 |    76 |   165 |       ||   324
       Tailslap          |     8 |    17 |    35 |    10 ||    70
       Punch             |     3 |     2 |     7 |     2 ||    14
       Long sword        |       |       |    70 |    65 ||   135
Evoke: Wand              |       |       |     6 |       ||     6
  Use: Scroll            |       |       |    12 |     1 ||    13
       Potion            |       |       |       |     1 ||     1
 Stab: Sleeping          |     3 |     2 |     9 |       ||    14
       Distracted        |       |       |     1 |     1 ||     2
Armor: Robe              |    24 |       |       |     7 ||    31
       Ring mail         |     4 |    26 |    53 |       ||    83
       Steam dragon scal |       |       |       |     4 ||     4
Dodge: Dodged            |    52 |    43 |   163 |    49 ||   307

Table legend: (Time is in decaauts)
 A = Elapsed time spent in this place.
 B = Non-inter-level travel time spent in this place.
 C = Inter-level travel time spent in this place.
 D = Time resting spent in this place.
 E = Time spent auto-exploring this place.
 F = Levels seen in this place.
 G = Mean time per level.
                   A        B        C        D        E       F      G
               +--------+--------+--------+--------+--------+-----+--------+
         Total |  11959 |  11496 |    463 |    393 |   9179 |  12 |  996.6 |
       Dungeon |  11150 |  10687 |    463 |    393 |   8698 |  10 | 1115.0 |
         Sewer |    482 |    482 |      0 |      0 |    234 |   1 |  482.0 |
       Ossuary |    326 |    326 |      0 |      0 |    247 |   1 |  326.0 |
               +--------+--------+--------+--------+--------+-----+--------+

Top non-repeatable levels by time:
     D:7: 1813 daAuts
     D:6: 1607 daAuts
     D:9: 1384 daAuts
     D:4: 1344 daAuts
     D:5: 1305 daAuts
     D:8: 994 daAuts
     D:3: 986 daAuts
     D:2: 760 daAuts
     D:1: 562 daAuts
   Sewer: 482 daAuts
    D:10: 390 daAuts
 Ossuary: 326 daAuts
